cohdb
Replays
Latest Replays
All Replays
Popular Replays
Top Player Replays
Match Explorer
How It Works
Community
CoH3 Stats
Reddit
Sign in to upload your games and track your stats! →
Sign in with Steam
Match 47029959
Unlisted
Match 47029959
Overview
Messages
Build Orders
End
Construct Section Command Post
Infantry Section
Vickers Machine Gun Team
Infantry Section
Infantry Section
Infantry Section
Construct Platoon Command Post
Unlock M3 Stuart Light Tanks
M3 Stuart Light Tank
M3 Stuart Light Tank
Selects Heavy Armor Battlegroup
Selects Rigorous Vehicle Training
Selects Forward Repair Assembly
Selects UNKNOWN (2162094)
Infantry Training
Selects Light Vehicle Withdraw and Refit
Selects Radio Net
Selects Designate Targets
Construct Company Command Post
Designate Targets
Churchill IV Heavy Tank
Armored Vehicle Training
Royal Engineer Section
Churchill IV Heavy Tank
Royal Engineer Section
Grenade Package
Churchill IV Heavy Tank
Designate Targets
Churchill IV Heavy Tank
crywo1f
Winitariy
Mivv
ScorpionDaen
0
0
Comments
sign in to comment!
No comments posted yet!